 Dungeon Crawl Stone Soup version 0.30-a0-802-gb92711bcdf (webtiles) character file.

Game seed: 3230260641672225098

159883 voltaire321 the Spry (level 17, -7/147 HPs)
             Began as a Merfolk Gladiator on Feb 24, 2023.
             Was the Champion of Wu Jian.
             Mangled by a nagaraja
             ... wielding a +0 flail
              (26 damage)
             ... on level 4 of the Snake Pit.
             The game lasted 01:28:27 (36424 turns).

voltaire321 the Spry (Merfolk Gladiator)           Turns: 36424, Time: 01:28:27

Health: -7/147     AC: 20    Str: 15      XL:     17   Next: 75%
Magic:  17/17      EV: 20    Int: 12      God:    Wu Jian [******]
Gold:   2303       SH: 15    Dex: 21 (22) Spells: 16/16 levels left

rFire   + . .      SeeInvis +    L - +5 long sword of the Hammering Dove {heavy, Int+4}
rCold   . . .      Faith    .    d - +3 kite shield {reflect}
rNeg    . . .      Spirit   .    N - +3 ring mail {Will+}
rPois   +          Reflect  +    C - +2 helmet
rElec   .          Harm     .    V - +0 cloak "Doajiub" {rF+}
rCorr   .          Rampage  .    l - +0 pair of gloves {Stlth+}
Will    ++...                    m - +2 pair of boots
Stlth   ++                       X - amulet of the acrobat
HPRegen 0.44/turn                f - ring of poison resistance
MPRegen 0.15/turn                t - +4 ring of slaying

@: about to teleport, constricted, studying Long Blades
A: (nimble swimmer 2), mertail, see invisible, deterioration 1
a: Renounce Religion, Wall Jump, Serpent's Lash, Heavenly Storm


You were on level 4 of the Snake Pit.
You worshipped Wu Jian.
Wu Jian was exalted by your worship.
You visited 5 branches of the dungeon, and saw 27 of its levels.
You visited the Abyss 1 time.
You also visited: Sewer.

You collected 2587 gold pieces.
You spent 284 gold pieces at shops.

Inventory:

Hand Weapons
 e - a +4 scimitar of flaming
 z - a +3 heavy scimitar
 L - the +5 long sword of the Hammering Dove (weapon) {heavy, Int+4}
   (You found it on level 2 of the Snake Pit)

   Int:       It affects your intelligence (+4).
Missiles
 k - 6 curare-tipped darts
 x - 14 boomerangs (quivered)
 E - 45 poisoned darts
 W - 6 javelins
Armour
 d - a +3 kite shield of reflection (worn)
 l - a +0 pair of gloves of stealth (worn)
 m - a +2 pair of boots (worn)
 C - a +2 helmet (worn)
 I - the +2 leather armour of the Equinox {rElec Str+4}
   (You bought it in a shop on level 1 of the Snake Pit)

   Str:       It affects your strength (+4).
   rElec:     It insulates you from electricity.
 N - a +3 ring mail of willpower (worn)
 V - the +0 cloak "Doajiub" (worn) {rF+}
   (You found it on level 2 of the Lair of Beasts)

   rF:        It protects you from fire.
Jewellery
 a - a +5 ring of evasion
 f - a ring of poison resistance (left hand)
 t - a +4 ring of slaying (right hand)
 B - a ring of resist corrosion
 R - a ring of protection from cold
 X - an amulet of the acrobat (around neck)
 Y - a ring of flight
Wands
 v - a wand of flame (27)
 G - a wand of polymorph (4)
 H - a wand of paralysis (13)
 O - a wand of light (13)
 T - a wand of iceblast (17)
 Z - a wand of mindburst (15)
Scrolls
 b - 5 scrolls of fear
 c - a scroll of brand weapon
 h - 4 scrolls of poison
 i - 12 scrolls of teleportation
 y - a scroll of fog
 D - 2 scrolls of silence
 J - 9 scrolls of identify
 M - 2 scrolls of magic mapping
 P - 3 scrolls of amnesia
Potions
 g - 4 potions of berserk rage
 p - 6 potions of lignification
 q - 3 potions of mutation
 s - 4 potions of cancellation
 u - 5 potions of magic
 A - 7 potions of brilliance
 F - 2 potions of might
 K - 2 potions of haste
 Q - 3 potions of resistance
Miscellaneous
 r - a phial of floods
 U - a phantom mirror


   Skills:
 + Level 17.2 Fighting
 - Level 14.0 Long Blades
 - Level 12.0 Throwing
 - Level 10.0 Armour
 + Level 20.3 Dodging
 + Level 7.8 Shields
 + Level 9.9 Evocations


You had 16 spell levels left.
You didn't know any spells.
Your spell library contained the following spells:

 Spells                   Type           Power      Damage    Failure   Level
 Apportation              Tloc           0%         N/A       80%         1
 Sandblast                Erth           0%         2d4       80%         1
 Cigotuvi's Dreadful Rot  Necr/Pois/Air  0%         N/A       91%         2
 Passwall                 Tmut/Erth      0%         N/A       91%         2
 Kindle Blastsparks       Fire/Tloc/Air  0%         2d10      99%         3
 Ozocubu's Armour         Ice            0%         N/A       99%         3
 Stone Arrow              Conj/Erth      0%         3d7       99%         3
 Dispel Undead            Necr           0%         3d6       100%        4
 Fulminant Prism          Conj/Hex       0%         3d5       100%        4
 Iskenderun's Mystic Bla  Conj/Tloc      0%         2d3       100%        4
 Leda's Liquefaction      Hex/Erth       0%         N/A       100%        4
 Agony                    Necr           0%         N/A       100%        5
 Alistair's Intoxication  Tmut/Pois      0%         N/A       100%        5
 Lee's Rapid Deconstruct  Erth           0%         3d4*      100%        5
 Metabolic Englaciation   Hex/Ice        0%         N/A       100%        5
 Summon Forest            Summ/Tloc      0%         N/A       100%        5
 Death Channel            Necr           0%         N/A       100%        6
 Eringya's Noxious Bog    Tmut/Pois      0%         N/A       100%        6
 Simulacrum               Ice/Necr       0%         N/A       100%        6
 Statue Form              Tmut/Erth      0%         N/A       100%        6
 Summon Hydra             Summ           0%         N/A       100%        7


Dungeon Overview and Level Annotations

Branches:
Dungeon (15/15)            Temple (1/1) D:5            Lair (5/5) D:10
 Shoals (0/4) Lair:3        Snake (4/4) Lair:2        Slime (0/5) Lair:4
    Orc (2/2) D:11            Elf (0/3) Orc:2        Vaults (0/5) D:13
 Depths (0/4) D:15          Sewer (visited)

Altars:
Ashenzari
Cheibriados
Dithmenos
Elyvilon
Fedhas
Gozag
Hepliaklqana
Kikubaaqudgha
Makhleb
Nemelex Xobeh
Okawaru
Qazlal
Ru
Sif Muna
Trog
Uskayaw
Vehumet
Wu Jian
Xom
Yredelemnul
Zin
The Shining One

Shops:
D:9 **   Orc:2 *([:?   Snake:1 [   Snake:3 !(   Snake:4 :

Annotations:
Snake:4 Vashnia


Innate Abilities, Weirdness & Mutations

((You are very nimble when in or above water. (Stealth+, EV+, Speed+++)))
Your lower body shifts to a powerful aquatic tail in water.
You have supernaturally acute eyesight. (SInv)
Your body sometimes deteriorates upon taking damage.


Message History

The naga sharpshooter gestures wildly while chanting.
The naga sharpshooter magically shoots an arrow.
You reflect the arrow off your +3 kite shield of reflection!
You block the nagaraja's attack. The nagaraja constricts you.
As you read the scroll of teleportation, it crumbles to dust.
You feel strangely unstable.
You feel sick.
You are more poisoned.
Vashnia shoots a bolt.
The bolt hits you!!
* * * LOW HITPOINT WARNING * * *
Your body deteriorates!
You feel clumsy. The nagaraja spits poison at you.
The splash of poison misses you. The nagaraja constricts you.
* * * LOW HITPOINT WARNING * * *
Okay, then.
Blink to where?
Press: ? - help, Dir - move target, p - naga ritualist The nagaraja's grasp on you weakens, but your attempt to escape fails.
As you read the scroll of blinking, it crumbles to dust.
You feel very sick.
You are more poisoned.
The nagaraja points at you and mumbles some strange words.
You resist with some effort. The nagaraja constricts you.
* * * LOW HITPOINT WARNING * * *
Vashnia shoots a bolt.
The bolt misses you.
The naga sharpshooter casts a spell.
The naga sharpshooter magically shoots an arrow.
The arrow barely misses you. You block the nagaraja's attack.
The nagaraja constricts you.
* * * LOW HITPOINT WARNING * * *
As you read the scroll of fog, it crumbles to dust.
The scroll dissolves into smoke.
You feel very sick.
* * * LOW HITPOINT WARNING * * *
The naga warrior roars a battlecry!
The nagas go into a battle-frenzy!
You block the nagaraja's attack. The nagaraja constricts you.
* * * LOW HITPOINT WARNING * * *
You block the naga ritualist's attack.
You feel better.
The naga ritualist's toxic aura wanes.
The nagaraja hits you with a +0 flail!!
You die...

..⌠. ... 8.8 ... #.
#.. ......
#..##..###.NN..
#..#[.⌠.⌠#.....
#....§§§§§N.## ...
#....§§NNN...# ....
#....§§@# #..# .....
#....§§§###..## .....
#....§§§N##...##.....
##.....).....)..#.....
##.............<.....
##..........N.......
###................
#####...........
##..)....##.


You could see Vashnia, a nagaraja (fast, strong, catching breath), a naga
warrior and a naga ritualist (strong).

Vanquished Creatures
  Saint Roka (Orc:2)
  Nikola (Snake:3)
  Kirke (Snake:1)
  Azrael (D:15)
  The ghost of sirJeffrey23 the Earth Mage, a journeyman DrEE of Gozag (D:13)
  Josephine (Lair:4)
  An entropy weaver (shapeshifter) (D:14)
  A fire dragon (D:15)
  3 vault guards (D:13)
  2 ice dragons
  A hydra (Lair:4)
  Erica (D:8)
  5 centaur warriors
  A hydra (shapeshifter) (D:14)
  4 catoblepae
  6 two-headed ogres
  A boulder beetle (D:14)
  13 anacondas
  21 death yaks
  10 naga warriors
  An orc high priest (Orc:2)
  A tengu warrior (D:14)
  A shock serpent (Snake:1)
  11 naga sharpshooters
  Sonja (D:11)
  3 skysharks
  Amaemon (D:8)
  2 salamander mystics
  4 skeletal warriors (D:15)
  A swamp dragon (Lair:2)
  A deep elf archer (D:13)
  A wizard (D:13)
  Pikel (D:5)
  7 orc knights
  13 naga ritualists
  A lindwurm (Lair:1)
  9 mana vipers
  5 orc sorcerers
  A deep elf pyromancer (D:15)
  8 ugly things
  9 manticores
  3 cyclopes
  7 salamanders
  14 elephants
  Joseph (D:8)
  A merfolk siren (Lair:3)
  11 naga magi
  38 black mambas
  Maurice (Orc:2)
  Maggie (D:8)
  An unseen horror (D:12)
  5 guardian serpents
  An orange demon (D:8)
  8 cane toads
  A torpor snail (Lair:3)
  5 rime drakes
  A kobold demonologist (D:8)
  An efreet (D:13)
  6 komodo dragons
  2 tengu conjurers (D:14)
  4 trolls
  3 meliai (D:13)
  An ice devil (D:13)
  Grinder (D:4)
  A hornet (D:11)
  9 slime creatures
  3 dream sheep (Lair:3)
  7 blink frogs
  6 wraiths
  A shadow (D:12)
  6 centaur simulacra (D:13)
  55 yaks
  2 vampires
  2 hogs (Snake:1)
  5 fire elementals (D:15)
  2 basilisks
  3 wyverns
  A human (D:13)
  A human (shapeshifter) (D:15)
  2 vampire mosquitoes (D:12)
  4 steam dragons
  27 nagas
  Menkaure (D:4)
  2 acid dragons
  4 wargs
  13 water moccasins
  2 hell hounds (D:15)
  2 meliai simulacra (D:13)
  45 orc warriors
  3 ice beasts
  2 black bears
  3 sky beasts
  3 ogres
  19 wolves
  23 centaurs
  2 phantoms (D:6)
  5 kobold brigands
  12 bullfrogs
  A gnoll sergeant (Orc:1)
  4 scorpions
  3 necrophages
  A water moccasin zombie (D:6)
  4 wights (D:9)
  A wyvern skeleton (D:6)
  11 killer bees (D:9)
  An electric eel (Lair:1)
  7 howler monkeys
  3 centaur zombies (D:6)
  2 bullfrog zombies (D:6)
  2 jellies
  9 hounds
  27 orc priests
  2 bullfrog skeletons (D:6)
  Terence (D:2)
  4 iguanas
  31 orc wizards
  6 hell rats (Lair:4)
  A howler monkey zombie (D:6)
  11 gnolls
  7 adders
  An ufetubus (D:5)
  2 worms
  A dart slug (D:2)
  105 orcs
  7 ball pythons
  8 endoplasms
  8 giant cockroaches
  16 goblins
  15 hobgoblins
  7 jackals
  25 kobolds
  6 quokkas
  6 bats
  16 frilled lizards
  5 rats
920 creatures vanquished.

Vanquished Creatures (others)
  Aizul (Snake:1)
  An anaconda (Snake:3)
  A boulder beetle (D:11)
  A naga warrior (Snake:3)
  A naga ritualist (Snake:3)
  A wizard (D:13)
  3 humans (Snake:1)
  A naga (Snake:4)
  An orc priest (Orc:2)
  An orc wizard (D:3)
  An orc (D:8)
  29 fungi
  38 plants
  21 withered plants (Lair:4)
101 creatures vanquished.

Grand Total: 1021 creatures vanquished

Notes
Turn   | Place    | Note
-------+----------+-------------------------------------------
     0 | D:1      | voltaire321 the Merfolk Gladiator began the quest for the
                  | Orb.
     0 | D:1      | Reached XP level 1. HP: 16/16 MP: 1/1
    55 | D:1      | Reached XP level 2. HP: 23/23 MP: 2/2
   653 | D:1      | Reached XP level 3. HP: 28/28 MP: 3/3
  1030 | D:2      | Noticed Terence
  1040 | D:2      | Killed Terence
  1041 | D:2      | Reached skill level 1 in Armour
  1041 | D:2      | Reached XP level 4. HP: 34/34 MP: 4/4
  1614 | D:3      | Found a glowing drain.
  1630 | Sewer    | Entered a sewer
  1685 | Sewer    | Noticed a bullfrog
  1685 | Sewer    | Noticed a bullfrog
  1743 | Sewer    | Killed a bullfrog
  1744 | Sewer    | Reached skill level 5 in Dodging
  1744 | Sewer    | Reached XP level 5. HP: 10/41 MP: 5/5
  1912 | Sewer    | Reached XP level 6. HP: 30/47 MP: 6/6
  2154 | D:3      | Identified the +1 robe "Jaloehua" {rF+ Dex+4}
  2571 | D:4      | Reached skill level 5 in Long Blades
  2633 | D:4      | Identified the +8 whip of Eternal Vigilance {drain, *Rage
                  | Int+2 Dex+3}
  2640 | D:4      | Noticed Grinder
  2687 | D:4      | Noticed Menkaure
  2694 | D:4      | Killed Menkaure
  2695 | D:4      | Reached XP level 7. HP: 48/54 MP: 7/7
  3019 | D:4      | Paralysed by Grinder for 5 turns
  3028 | D:4      | Killed Grinder
  3029 | D:4      | Reached skill level 6 in Dodging
  3282 | D:5      | Entered Level 5 of the Dungeon
  3781 | D:5      | Found a staircase to the Ecumenical Temple.
  3807 | Temple   | Entered the Ecumenical Temple
  4158 | D:5      | Reached XP level 8. HP: 55/61 MP: 8/8
  4256 | D:5      | Found a stormy altar of Qazlal.
  4257 | D:5      | Found a bloodstained altar of Trog.
  4259 | D:5      | Found an iron altar of Okawaru.
  4260 | D:5      | Found a snail-covered altar of Cheibriados.
  4261 | D:5      | Found an ornate altar of the Wu Jian Council.
  4261 | D:5      | Found a glowing silver altar of Zin.
  4261 | D:5      | Found an opulent altar of Gozag.
  4261 | D:5      | Found a sacrificial altar of Ru.
  4262 | D:5      | Found a basalt altar of Yredelemnul.
  4263 | D:5      | Found a glowing golden altar of the Shining One.
  4264 | D:5      | Found a hazy altar of Hepliaklqana.
  4265 | D:5      | Found a hide-covered altar of Uskayaw.
  4269 | D:5      | Became a worshipper of the Wu Jian Council
  4507 | D:5      | Reached skill level 5 in Fighting
  4684 | D:5      | Noticed Pikel
  4708 | D:5      | Killed Pikel
  4709 | D:5      | Reached skill level 5 in Throwing
  4709 | D:5      | Reached skill level 7 in Dodging
  4847 | D:5      | Reached XP level 9. HP: 61/69 MP: 9/9
  5449 | D:6      | Reached skill level 8 in Dodging
  5451 | D:6      | Reached * piety under Wu Jian
  6169 | D:6      | Reached ** piety under Wu Jian
  6600 | D:7      | Reached skill level 9 in Dodging
  6864 | D:7      | Identified a scroll of acquirement
  6864 | D:7      | Acquired a manual of Long Blades
  7334 | D:7      | Reached XP level 10. HP: 71/79 MP: 10/10
  7609 | D:8      | Noticed Maggie
  7635 | D:8      | Killed Maggie
  7800 | D:8      | Noticed a kobold demonologist
  7817 | D:8      | Killed a kobold demonologist
  7848 | D:8      | Reached skill level 5 in Armour
  8130 | D:8      | Noticed Amaemon
  8131 | D:8      | Noticed an orange demon
  8141 | D:8      | Noticed Joseph
  8196 | D:8      | Found a radiant altar of Vehumet.
  8228 | D:8      | Reached skill level 10 in Dodging
  8338 | D:8      | Killed an orange demon
  8338 | D:8      | Reached *** piety under Wu Jian
  8339 | D:8      | Reached skill level 10 in Long Blades
  8360 | D:8      | Killed Joseph
  8555 | D:8      | Killed Amaemon
  9001 | D:8      | Noticed Erica
  9018 | D:8      | Killed Erica
  9019 | D:8      | Reached XP level 11. HP: 43/87 MP: 11/11
  9172 | D:8      | Reached skill level 11 in Dodging
  9989 | D:9      | Noticed a two-headed ogre
  9996 | D:9      | Killed a two-headed ogre
 10049 | D:9      | Found Seddimia's General Store.
 10052 | D:9      | Found Adeic's Specific Store.
 10117 | D:9      | Bought a scroll of identify for 24 gold pieces
 10410 | D:9      | Reached **** piety under Wu Jian
 10589 | D:9      | Reached skill level 12 in Dodging
 10627 | D:9      | Noticed a two-headed ogre
 10632 | D:9      | Killed a two-headed ogre
 10755 | D:10     | Entered Level 10 of the Dungeon
 10874 | D:10     | Reached skill level 10 in Fighting
 10909 | D:10     | Identified the +1 leather armour of Paranoia {rPois MP+9
                  | Str-2 Dex+5}
 10911 | D:10     | Noticed a two-headed ogre
 10915 | D:10     | Killed a two-headed ogre
 10956 | D:10     | Reached XP level 12. HP: 94/97 MP: 12/12
 11096 | D:10     | Noticed a death yak
 11121 | D:10     | Killed a death yak
 11222 | D:10     | Found a staircase to the Lair.
 11222 | D:10     | Noticed a death yak
 11222 | D:10     | Noticed a death yak
 11245 | D:10     | Killed a death yak
 11252 | D:10     | Killed a death yak
 11309 | D:10     | Noticed a death yak
 11309 | D:10     | Noticed a death yak
 11342 | D:10     | Killed a death yak
 11343 | D:10     | Reached skill level 13 in Dodging
 11351 | D:10     | Killed a death yak
 11911 | Lair:1   | Entered Level 1 of the Lair of Beasts
 12778 | Lair:2   | Noticed a death yak
 12778 | Lair:2   | Noticed a death yak
 12778 | Lair:2   | Noticed a death yak
 12779 | Lair:2   | Noticed a death yak
 12779 | Lair:2   | Noticed a death yak
 12804 | Lair:2   | Killed a death yak
 12804 | Lair:2   | Reached ***** piety under Wu Jian
 12804 | Lair:2   | Noticed a death yak
 12820 | Lair:2   | Killed a death yak
 13009 | Lair:2   | Killed a death yak
 13026 | Lair:2   | Killed a death yak
 13034 | Lair:2   | Killed a death yak
 13035 | Lair:2   | Reached skill level 14 in Dodging
 13043 | Lair:2   | Killed a death yak
 13240 | Lair:2   | Found a staircase to the Snake Pit.
 13247 | Lair:2   | Reached XP level 13. HP: 106/107 MP: 13/13
 13979 | Lair:2   | Found a transporter.
 13993 | Lair:2   | Found a transporter.
 14016 | Lair:2   | Identified the +0 cloak "Doajiub" {rF+}
 14624 | Lair:3   | Reached skill level 15 in Dodging
 15153 | Lair:3   | Found a staircase to the Shoals.
 15358 | Lair:4   | Found a staircase to the Slime Pits.
 15362 | Lair:4   | Noticed Josephine
 15380 | Lair:4   | Killed Josephine
 16250 | Lair:5   | Entered Level 5 of the Lair of Beasts
 16359 | Lair:5   | Reached XP level 14. HP: 84/118 MP: 14/14
 16777 | Lair:5   | Reached skill level 16 in Dodging
 17608 | Lair:5   | Reached skill level 10 in Throwing
 18422 | D:11     | Noticed Sonja
 18439 | Abyss:2  | Cast into level 2 of the Abyss (Sonja)
 18480 | D:11     | Escaped the Abyss
 18496 | D:11     | Killed Sonja
 18677 | D:11     | Found a staircase to the Orcish Mines.
 19327 | Orc:1    | Entered Level 1 of the Orcish Mines
 19374 | D:11     | Reached skill level 1 in Evocations
 19544 | Orc:1    | Reached ****** piety under Wu Jian
 19613 | Orc:2    | Entered Level 2 of the Orcish Mines
 19627 | Orc:2    | Gained mutation: Your body sometimes deteriorates upon
                  | taking damage. [a neqoxec]
 19629 | Orc:2    | Gained mutation: You have supernaturally acute eyesight.
                  | (SInv) [a neqoxec]
 19665 | Orc:2    | Reached skill level 10 in Armour
 19924 | Orc:2    | Found a staircase to the Elven Halls.
 19936 | Orc:2    | Noticed Maurice
 20200 | Orc:2    | Killed Maurice
 20616 | Orc:2    | Reached XP level 15. HP: 99/126 MP: 15/15
 20719 | Orc:2    | Noticed Saint Roka
 20726 | Orc:2    | Reached skill level 17 in Dodging
 21611 | Orc:2    | Found Kigugiss's Magic Scroll Emporium.
 21614 | Orc:2    | Bought a scroll of identify for 28 gold pieces
 21706 | Orc:2    | Killed Saint Roka
 21890 | Orc:2    | Found Koegith's Book Emporium.
 22083 | Orc:2    | Found Reemor's Antique Weapon Emporium.
 22212 | Orc:2    | Found Riowuts's Antique Armour Emporium.
 22227 | Orc:2    | Found Viah's General Store.
 22234 | Orc:2    | Bought a scroll of teleportation for 36 gold pieces
 24105 | D:13     | Found a runed translucent gate.
 24105 | D:13     | Found a runed translucent gate.
 24105 | D:13     | Found a runed translucent gate.
 24107 | D:13     | Noticed sirJeffrey23's ghost (journeyman DrEE)
 24168 | D:13     | Killed sirJeffrey23's ghost
 24229 | D:13     | Got the ring "Defuinuy" {Fire *Slow +Blink rPois Dex+4
                  | SInv}
 24482 | D:13     | Found a blossoming altar of Fedhas.
 24704 | D:13     | Reached skill level 5 in Evocations
 24989 | D:13     | Reached skill level 15 in Fighting
 25452 | D:13     | Reached skill level 18 in Dodging
 25467 | D:13     | Found a gate to the Vaults.
 26259 | D:14     | Reached skill level 1 in Shields
 26418 | D:14     | Reached XP level 16. HP: 129/136 MP: 16/16
 26782 | D:15     | Entered Level 15 of the Dungeon
 27221 | D:15     | Noticed Azrael
 27249 | D:15     | Killed Azrael
 28179 | D:15     | Identified the +2 spear "Merfolk's Doom" {holy, rElec
                  | Dex+2}
 28276 | D:15     | Found a staircase to the Depths.
 28572 | Snake:1  | Entered Level 1 of the Snake Pit
 28602 | Snake:1  | Noticed Aizul
 28626 | Snake:1  | Killed Aizul
 28643 | Snake:1  | HP: 6/138 [naga ritualist/Olgreb's Toxic Radiance (1)]
 28644 | Lair:2   | HP: 2/138 [poisoned by a naga ritualist (toxic radiance)]
 29069 | Snake:1  | Got Teizel's Precepts of Corpses
 29211 | Snake:1  | Reached skill level 19 in Dodging
 29857 | Snake:1  | Found Riafocho's Antique Armour Shoppe.
 29894 | Snake:1  | Bought a jet-encrusted leather armour for 196 gold pieces
 29894 | Snake:1  | Identified the +2 leather armour of the Equinox {rElec
                  | Str+4} (You bought it in a shop on level 1 of the Snake
                  | Pit)
 30299 | Snake:1  | Reached skill level 5 in Shields
 30665 | Snake:1  | Noticed Kirke
 30678 | Snake:1  | Killed Kirke
 31573 | Snake:2  | Reached XP level 17. HP: 108/145 MP: 17/17
 31925 | Snake:2  | Identified the +5 long sword of the Hammering Dove {heavy,
                  | Int+4}
 33065 | Snake:3  | Found Ymaicaf's Antique Weapon Boutique.
 33065 | Snake:3  | Found Hioloi's Distillery.
 33776 | Snake:3  | Noticed Nikola
 33975 | Snake:3  | Reached skill level 20 in Dodging
 34741 | Snake:3  | Killed Nikola
 35246 | Snake:4  | Entered Level 4 of the Snake Pit
 35518 | Snake:4  | Noticed Vashnia
 35780 | Snake:4  | HP: 5/147 [naga ritualist/Olgreb's Toxic Radiance (5)]
 36208 | Snake:4  | Found Toniyffa's Book Boutique.
 36424 | Snake:4  | Mangled by a nagaraja

Illustrated notes

Levels and vault maps discovered:
D:1:      lightli_arrival_statue_moat, layout_loops_ring,
          minmay_misc_feat_pillars, minmay_octomino_e4
D:2:      layout_rooms, chequers_serial_rivers_micro_a,
          corexii_item_surrounded_by_moat, small_statue_intersection,
          uniq_terence
D:3:      layout_rooms, portal_sewer_entry_d, chequers_serial_rivers_room_b
D:4:      layout_cave_pools, serial_column_ruins, column_ruins_grid_3,
          column_ruins_grid_1, column_ruins_grid_3,
          column_ruins_columns_straight, serial_bayou_pond_a,
          kennysheep_windowed_goal, uniq_grinder, uniq_menkaure
D:5:      layout_loops_corners, minitemple, minmay_temple_entry_glassed_door,
          kennysheep_minor_cross, uniq_pikel
D:6:      corexii_shantytown, layout_cave_pools, serial_undead, serial_undead_e,
          serial_undead_a, serial_undead_a, serial_undead_c
D:7:      hellmonk_crumbling_castle, layout_cave_pods,
          nicolae_concentric_dashed_squares_mild, minivault_24
D:8:      layout_layer_cave, overflow_temple_1_default, minmay_starry_boxes,
          uniq_joseph, uniq_maggie, uniq_amaemon, uniq_erica
D:9:      layout_loops_ring, nicolae_specific_store
D:10:     layout_small_grid, dpeg_lair_monsters
D:11:     layout_big_octagon, david_orc_5, chequers_serial_rivers_micro_a,
          uniq_sonja
D:12:     layout_gridville
D:13:     layout_roguey [special_room_orc], grunt_vaults_entry_fortified,
          gammafunk_ghost_icy, fedhas_altar_2
D:14:     layout_roguey, grunt_decor_clamped
D:15:     grunt_enter_depths_hoard, layout_loops_ring, serial_rivers,
          chequers_serial_rivers_micro_c, chequers_serial_rivers_room_a,
          chequers_serial_rivers_large_a, chequers_serial_rivers_room_b,
          dk_noncrumbling_4, item_on_display_a, uniq_azrael
Temple:   nicolae_temple_bog_church
Lair:1:   wander_river, layout_regular_city, serial_bayou_shore_a
Lair:2:   gammafunk_cloud_chamber, layout_loops_ring,
          minmay_snake_entry_guardpost_small
Lair:3:   beast_lair_carwin_large_1, layout_misc_corridors,
          minmay_shoals_entry_lonely_mermaid
Lair:4:   layout_misc_corridors, nicolae_slime_entry_slimehenge,
          pdpol_lair_neglected_garden, uniq_josephine
Lair:5:   evilmike_catoblepas_cave, layout_cave_shapes, grunt_megastairs_3,
          infiniplex_staircase_pool
Snake:1:  layout_chambers, serial_shops, shop_fountains,
          nicolae_snake_naga_rites, uniq_kirke, uniq_aizul
Snake:2:  layout_chambers
Snake:3:  layout_cave_town, nicolae_snake_biting_tails, minmay_shoptagon,
          uniq_nikola
Snake:4:  grunt_snake_rune_spirals, layout_onion, serial_shops,
          nicolae_shop_window_shopping,
          nicolae_shop_temple_entry_statues_fountains, shop_fountains,
          drop_trap, uniq_vashnia, uniq_saint_roka
Orc:1:    layout_caves
Orc:2:    grunt_orc_cross, layout_diamond_mine, serial_shops,
          nicolae_shop_window_shopping, special_room, uniq_maurice

Skill      XL: |  1  2  3  4  5  6  7  8  9 10 11 12 13 14 15 16 17 |
---------------+----------------------------------------------------+-----
Long Blades    | 4 5 7 8 11 13 14 | 14.0
Armour         | 1 2 3 4 5 6 8 9 10 | 10.0
Fighting       | 3 4 5 7 8 10 11 13 14 15 16 17 | 17.2
Throwing       | 3 4 5 6 7 9 10 11 12 | 12.0
Dodging        | 5 6 7 9 10 12 14 15 16 18 19 20 | 20.3
Evocations     | 2 6 8 9 |  9.9
Shields        | 1 5 7 |  7.8

Action                     |  1- 3 |  4- 6 |  7- 9 | 10-12 | 13-15 | 16-18 || total
---------------------------+-------+-------+-------+-------+-------+-------++-------
  Melee: Long sword        |   108 |   209 |   441 |   280 |       |   284 ||  1322
         Punch             |     2 |     2 |    11 |    11 |    24 |       ||    50
         Tailslap          |       |     3 |       |       |     6 |       ||     9
         Scimitar          |       |       |       |   427 |  1760 |   539 ||  2726
  Throw: Javelin           |     1 |     2 |     4 |     1 |       |       ||     8
         Dart              |       |       |       |    23 |    17 |       ||    40
         Boomerang         |       |       |       |       |     7 |   108 ||   115
 Invoke: Heavenly Storm    |       |       |       |       |     1 |       ||     1
Ability: Whirlwind         |       |       |    35 |    56 |   354 |    72 ||   517
         Lunge             |       |       |    18 |    37 |    83 |    47 ||   185
         Wall Jump         |       |       |       |       |       |     1 ||     1
  Evoke: Wand              |       |       |       |     1 |       |     2 ||     3
    Use: Scroll            |       |     1 |    11 |     7 |    15 |    14 ||    48
         Potion            |       |     1 |     3 |     4 |     2 |    13 ||    23
   Stab: Sleeping          |       |     1 |     2 |     1 |       |     4 ||     8
         Petrified         |       |       |       |       |     2 |       ||     2
         Distracted        |       |       |       |       |       |     1 ||     1
 Armour: Leather armour    |    56 |    82 |    12 |       |       |    13 ||   163
         Ring mail         |       |       |   263 |   175 |   471 |   139 ||  1048
  Dodge: Dodged            |    91 |   208 |   551 |   416 |  1515 |   666 ||  3447
  Block: Kite shield       |       |       |       |       |    32 |   610 ||   642
         Reflection        |       |       |       |       |    10 |    68 ||    78

Table legend: (Time is in decaauts)
 A = Elapsed time spent in this place.
 B = Non-inter-level travel time spent in this place.
 C = Inter-level travel time spent in this place.
 D = Time resting spent in this place.
 E = Time spent auto-exploring this place.
 F = Levels seen in this place.
 G = Mean time per level.
                   A        B        C        D        E       F      G
               +--------+--------+--------+--------+--------+-----+--------+
         Total |  35899 |  34539 |   1360 |   8465 |  18117 |  30 | 1196.6 |
       Dungeon |  18006 |  17137 |    869 |   2446 |  10505 |  15 | 1200.4 |
        Temple |    125 |     90 |     35 |      0 |     67 |   1 |  125.0 |
          Lair |   6482 |   6294 |    188 |   1431 |   3600 |   5 | 1296.4 |
     Snake Pit |   7603 |   7428 |    175 |   2951 |   2931 |   4 | 1900.8 |
  Orcish Mines |   3188 |   3096 |     92 |   1536 |    878 |   2 | 1594.0 |
         Abyss |     40 |     40 |      0 |      0 |      0 |   2 |   20.0 |
         Sewer |    453 |    453 |      0 |    100 |    135 |   1 |  453.0 |
               +--------+--------+--------+--------+--------+-----+--------+

Top non-repeatable levels by time:
 Snake:3: 2781 daAuts
 Snake:1: 2684 daAuts
     D:8: 2227 daAuts
    D:13: 2014 daAuts
   Orc:2: 1988 daAuts
  Lair:5: 1906 daAuts
     D:5: 1739 daAuts
  Lair:2: 1630 daAuts
    D:15: 1596 daAuts
 Snake:2: 1445 daAuts
     D:7: 1281 daAuts
   Orc:1: 1199 daAuts
     D:6: 1182 daAuts
    D:10: 1176 daAuts
    D:12: 1094 daAuts
